 Dungeon Sprint DCSS version 0.18.1-50-g88ac8fd (webtiles) character file.

507 Kagutsuchi the Fighter (level 6, -4/72 HPs)
             Began as a Draconian Berserker on Oct 22, 2016.
             Was a Believer of Trog.
             Slain by Menkaure (18 damage)
             ... in the Dungeon (Sprint II: "The Violet Keep of Menkaure") on Oct 24, 2016.
             The game lasted 00:01:24 (31 turns).

Kagutsuchi the Fighter (Draconian Berserker)          Turns: 31, Time: 00:01:25

Health: -4/72      AC:  6    Str: 20    XL:     6   Next: 97%
Magic:  6/6        EV: 16    Int:  7    God:    Trog [**....]
Gold:   0          SH:  0    Dex: 12    Spells: 0 memorised, 5 levels left

rFire  . . .     SeeInvis .     a - +0 falchion
rCold  . . .     Gourm    .     (armour unavailable)
rNeg   . . .     Faith    .     (no shield)
rPois  .         Spirit   .     (helmet restricted)
rElec  .         Dismiss  .     (no cloak)
rCorr  .         Reflect  .     (no gloves)
SustAt .         Harm     .     (no boots)
MR     .....     NoTele   +     (no amulet)
Stlth  +.........               (no ring)
                                (no ring)

@: exhausted, slowed, very slow, not resistant to hostile enchantments, very
unstealthy
A: unfitting armour, deterioration 2, robust 1, cold-blooded, AC +6
a: Berserk, Trog's Hand, Burn Spellbooks, Renounce Religion


You were in the Dungeon.
You worshipped Trog.
Trog was pleased with you.
You were not hungry.

You visited 1 branch

Inventory:

Hand Weapons
 a - a +0 falchion (weapon)
Scrolls
 h - a scroll of blinking
Potions
 c - a potion of curing
 e - a potion of haste
 f - 2 potions of magic
 g - a potion of berserk rage
Comestibles
 b - a bread ration


   Skills:
 + Level 10.0 Fighting
 + Level 9.2 Long Blades
 + Level 8.4 Dodging


You had 5 spell levels left.
You didn't know any spells.

Dungeon Overview and Level Annotations

Branches:
Dungeon (1/1)

Altars:

Annotations:
D Menkaure


Innate Abilities, Weirdness & Mutations

Your plain brown scales are hard (AC +6).
Your body does not fit into most forms of armour.
You are cold-blooded and may be slowed by cold attacks.
Your body often deteriorates upon taking damage.
You are robust (+10% HP).


Message History

The quasit bites you but does no damage.
The quasit misses you.
The quasit claws you but does no damage.
The neqoxec hits you.
Unknown command.
You slash the neqoxec!
You kill the neqoxec!
Trog accepts your kill.
Your Fighting skill increases to level 10!
Your Long Blades skill increases to level 9!
Your Dodging skill increases to level 8!
You feel your dexterity returning.
The quasit disappears in a puff of smoke!
Menkaure calls on the powers of darkness!
Your body is wracked with pain!
* * * LOW HITPOINT WARNING * * *
Menkaure closely misses you.
You see here 243 gold pieces.
You barely miss Menkaure. Menkaure hits you!!
You die...

### # #+###.##
.#
##.##.#.#..#
+.<.'##@M..#
##.###..#....#
#+# #.##.§§...
## ..... ≈≈≈.§
≈≈≈. ≈≈§≈


You could see Menkaure.

Vanquished Creatures
  4 neqoxecs (D)
4 creatures vanquished.

Vanquished Creatures (others)
  A crocodile (D)
1 creature vanquished.

Grand Total: 5 creatures vanquished

Notes
Turn   | Place    | Note
--------------------------------------------------------------
     0 | D        | Kagutsuchi the Draconian Berserker began the quest for the Orb.
     0 | D        | Reached XP level 1. HP: 19/19 MP: 1/1
     1 | D        | Noticed a neqoxec
     5 | D        | Noticed a crimson imp
     5 | D        | Gained mutation: Your body sometimes deteriorates upon taking damage. [a neqoxec]
     9 | D        | Killed a neqoxec
     9 | D        | Reached skill level 7 in Fighting
     9 | D        | Reached skill level 5 in Dodging
     9 | D        | Reached XP level 2. HP: 12/34 MP: 2/2
     9 | D        | Reached XP level 3. HP: 13/39 MP: 3/3
     9 | D        | Reached XP level 4. HP: 16/47 MP: 4/4
    11 | D        | Noticed a neqoxec
    12 | D        | Noticed a neqoxec
    12 | D        | Noticed a neqoxec
    13 | D        | Gained mutation: You are robust (+10% HP). [a neqoxec]
    16 | D        | Killed a neqoxec
    16 | D        | Reached ** piety under Trog
    16 | D        | Reached skill level 8 in Fighting
    16 | D        | Reached XP level 5. HP: 21/61 MP: 5/5
    19 | D        | Killed a neqoxec
    19 | D        | Reached skill level 9 in Fighting
    19 | D        | Reached XP level 6. HP: 24/70 MP: 6/6
    23 | D        | Noticed Menkaure
    27 | D        | Gained mutation: Your body often deteriorates upon taking damage. [a neqoxec]
    29 | D        | Killed a neqoxec
    29 | D        | Reached skill level 10 in Fighting
    31 | D        | Slain by Menkaure

Skill      XL: |  1  2  3  4  5  6 |
---------------+-------------------+-----
Fighting       | 7 8 9 10 | 10.0
Long Blades    | 6 7 8 9 |  9.2
Dodging        | 5 7 8 |  8.4

Action                   |  1- 3 |  4- 6 || total
-------------------------+-------+-------++-------
Melee: Falchion          |     6 |    17 ||    23
       Tailslap          |     2 |     3 ||     5
Invok: Berserk           |     1 |       ||     1
  Use: Potion            |       |     1 ||     1
Armor: Skin              |     2 |     9 ||    11
Dodge: Dodged            |     6 |    20 ||    26
